 Dungeon Crawl Stone Soup version 0.28-a0-1032-ga8db75c868 (webtiles) character file.

Game seed: 13419900553735640183

438 GregHouse the Chopper (level 7, -2/61 HPs)
             Began as a Hill Orc Monk on Dec 7, 2021.
             Slain by an ogre (19 damage)
             ... on level 4 of the Dungeon.
             The game lasted 00:13:09 (5241 turns).

GregHouse the Chopper (Hill Orc Monk)               Turns: 5241, Time: 00:13:09

Health: -2/61      AC: 14    Str: 14    XL:     7   Next: 1%
Magic:  7/7        EV:  5    Int: 10    God:
Gold:   19         SH:  0    Dex: 15    Spells: 6/6 levels left

rFire   . . .      SeeInvis .   f - +4 mace (holy)
rCold   . . .      Faith    .   (no shield)
rNeg    . . .      Spirit   .   e - +0 plate armour
rPois   .          Reflect  .   (helmet restricted)
rElec   .          Harm     .   (no cloak)
rCorr   .          Rampage  .   (no gloves)
Will    .....                   q - +2 pair of boots
Stlth   ..........              (no amulet)
HPRegen 0.20/turn               (no ring)
MPRegen 0.10/turn               (no ring)

@: no status effects
A: antennae 1, agile 1, weak 1
a: no special abilities


You were on level 4 of the Dungeon.
You visited 1 branch of the dungeon, and saw 4 of its levels.

You collected 200 gold pieces.
You spent 181 gold pieces at shops.

Inventory:

Hand Weapons
 a - a +0 hand axe
 f - a +4 mace of holy wrath (weapon)
 h - a +1 dagger of distortion
Missiles
 b - 3 javelins (quivered)
Armour
 e - a +0 plate armour (worn)
 n - a scarf of harm
 q - a +2 pair of boots (worn)
Jewellery
 i - a ring of wizardry
Wands
 m - a wand of paralysis (7)
Scrolls
 g - 2 scrolls of amnesia {unknown}
 j - 2 scrolls of enchant weapon {unknown}
 k - 2 scrolls of fear {unknown}
 o - a scroll of identify {unknown}
Potions
 c - 2 potions of heal wounds {unknown}
 l - 2 potions of curing {unknown}
 p - 2 potions of mutation


   Skills:
 + Level 5.1 Fighting
 + Level 5.4(6.1) Axes
 + Level 3.4(4.5) Maces & Flails
 + Level 3.7 Armour
 + Level 3.0 Dodging
 + Level 2.0 Stealth


You had 6 spell levels left.
You didn't know any spells.
Your spell library contained the following spells:

 Spells                   Type           Power      Damage    Failure   Level
 Call Canine Familiar     Summ           0%         N/A       100%        3
 Portal Projectile        Hex/Tloc       0%         N/A       100%        3
 Leda's Liquefaction      Hex/Erth       0%         N/A       100%        4


Dungeon Overview and Level Annotations

Branches:
Dungeon (4/15)
 Temple: D:4-7

Altars:

Shops:
D:3 *


Innate Abilities, Weirdness & Mutations

You have a pair of small antennae on your head.
You are agile. (Dex +2)
You are weak. (Str -2)


Message History

You have reached level 7!
You closely miss the goblin. The goblin barely misses you.
The goblin hits you but does no damage.
You barely miss the goblin. The goblin barely misses you.
The goblin hits you but does no damage. x2
You hit the goblin.
You kill the goblin!
The goblin hits you but does no damage. The goblin hits you with a +0 club.
You closely miss the goblin. The goblin barely misses you.
The goblin hits you with a +0 club. The goblin hits you but does no damage.
Your plate armour prevents you from hitting the goblin.
The goblin hits you but does no damage. The goblin completely misses you.
You hit the goblin.
You kill the goblin!
The goblin hits you but does no damage.
You hit the goblin.
The goblin is heavily wounded.
The goblin hits you but does no damage. x3
You hit the goblin.
You kill the goblin!
The goblin barely misses you. The goblin hits you but does no damage.
You closely miss the goblin. The goblin hits you but does no damage.
The goblin hits you with a +0 club. The goblin closely misses you.
You hit the goblin but do no damage.
The goblin hits you but does no damage. x2
You hit the goblin.
You kill the goblin!
The goblin hits you with a +0 dagger.
You sock the ogre!
The ogre is moderately wounded.
The goblin hits you but does no damage. The ogre hits you with a +0 giant club!
You hit the ogre.
The ogre is heavily wounded.
The goblin barely misses you.
The ogre hits you with a +0 giant club!!
You hit the ogre.
The ogre is heavily wounded.
The goblin hits you with a +0 dagger.
* * * LOW HITPOINT WARNING * * *
The ogre hits you with a +0 giant club!!
You die...

##.# #.....###.....#######.#
#.#####..).## ##....# #.#
##..........# #....# #..
##..........## ##...# ##.
#...##..#....## #...# #.
####..###...##...####..# #.
##..(..##....###....##..### ###.
#.###........###..........####...
#.# ##........##@g....###........
### #........##O##..## ###......
### #........#...#.## ##.....
#.###.#......#.(.#.# ##..(#
#..#.######..#(..# #..## #....#
######## ##.# ##...## ..# #....##
... ###...###


You could see an ogre and a goblin.

Vanquished Creatures
  A phantom (D:4)
  An ogre (D:4)
  Terence (D:2)
  A killer bee zombie (D:3)
  2 hound skeletons (D:4)
  10 adders
  2 worms
  A dart slug (D:1)
  An orc (D:3)
  6 endoplasms
  4 giant cockroaches
  16 goblins
  9 hobgoblins
  13 jackals
  2 quokkas
  9 ball pythons
  5 bats
  5 frilled lizards
  7 kobolds
  3 rats
99 creatures vanquished.

Notes
Turn   | Place    | Note
-------+----------+-------------------------------------------
     0 | D:1      | GregHouse the Hill Orc Monk began the quest for the Orb.
     0 | D:1      | Reached XP level 1. HP: 19/19 MP: 1/1
   469 | D:1      | Reached XP level 2. HP: 27/27 MP: 2/2
   531 | D:1      | Found a faded altar of an unknown god.
   906 | D:1      | Reached XP level 3. HP: 26/33 MP: 3/3
  1621 | D:2      | Noticed Terence
  1950 | D:2      | Gained mutation: You are weak. (Str -2) [potion of
                  | mutation]
  1950 | D:2      | Gained mutation: You are agile. (Dex +2) [potion of
                  | mutation]
  1950 | D:2      | Gained mutation: You have a pair of small antennae on your
                  | head. [potion of mutation]
  1953 | D:2      | Killed Terence
  1954 | D:2      | Reached skill level 5 in Axes
  1954 | D:2      | Reached skill level 1 in Armour
  1954 | D:2      | Reached XP level 4. HP: 13/41 MP: 4/4
  3094 | D:3      | Reached XP level 5. HP: 42/47 MP: 5/5
  3252 | D:3      | Found Wata's General Store.
  3606 | D:3      | Reached skill level 1 in Maces & Flails
  4330 | D:3      | Bought a +2 pair of boots for 181 gold pieces
  4384 | D:4      | Noticed an ogre
  4456 | D:4      | Reached XP level 6. HP: 55/55 MP: 6/6
  4760 | D:4      | Reached skill level 5 in Fighting
  5228 | D:4      | Reached XP level 7. HP: 61/61 MP: 7/7
  5241 | D:4      | Slain by an ogre

Illustrated notes

Levels and vault maps discovered:
D:1:      nzn_arrival_crosshair, layout_basic, chequers_ecumenical_altar_simple,
          kennysheep_boxes
D:2:      minmay_inner_zag, layout_loops_ring, minmay_misc_feat_iff,
          minmay_statues_item, minmay_tiny_reverse_x, uniq_terence
D:3:      layout_basic, serial_shops, nicolae_shop_advertising_works
          [nicolae_subvault_shop_adworks], minmay_snake_closets
D:4:      layout_layer_cave, minmay_ogre_servants

Skill      XL: |  1  2  3  4  5  6 |
---------------+-------------------+-----
Fighting       | 4 5 |  5.1
Axes           | 5 |  5.4
Armour         | 1 2 3 |  3.7
Maces & Flails | 2 3 |  3.4
Dodging        | 3 |  3.0
Stealth        | 2 |  2.0

Action                   |  1- 3 |  4- 6 |  7- 9 || total
-------------------------+-------+-------+-------++-------
Melee: Hand axe          |   116 |     4 |       ||   120
       Mace              |       |   162 |    14 ||   176
  Use: Potion            |     2 |       |       ||     2
 Stab: Sleeping          |     3 |       |       ||     3
Armor: Robe              |     3 |       |       ||     3
       Ring mail         |     7 |       |       ||     7
       Plate armour      |    43 |   124 |    15 ||   182
Dodge: Dodged            |    53 |    50 |     7 ||   110

Table legend: (Time is in decaauts)
 A = Elapsed time spent in this place.
 B = Non-inter-level travel time spent in this place.
 C = Inter-level travel time spent in this place.
 D = Time resting spent in this place.
 E = Time spent auto-exploring this place.
 F = Levels seen in this place.
 G = Mean time per level.
                   A        B        C        D        E       F      G
               +--------+--------+--------+--------+--------+-----+--------+
         Total |   5308 |   4966 |    342 |   1191 |   2319 |   4 | 1327.0 |
       Dungeon |   5308 |   4966 |    342 |   1191 |   2319 |   4 | 1327.0 |
               +--------+--------+--------+--------+--------+-----+--------+

Top non-repeatable levels by time:
     D:1: 1666 daAuts
     D:3: 1518 daAuts
     D:2: 1303 daAuts
     D:4: 819 daAuts
